 Dungeon Crawl Stone Soup version 0.29.1-1-gd02db6906a (webtiles) character file.

Game seed: 12097693044766287779

233 Demigod47 the Cudgeller (level 5, -6/46 HPs)
             Began as a Minotaur Fighter on Oct 13, 2022.
             Killed by divine providence
             ... invoked by an orc priest
              (16 damage)
             ... on level 4 of the Dungeon.
             The game lasted 00:05:03 (2466 turns).

Demigod47 the Cudgeller (Minotaur Fighter)          Turns: 2466, Time: 00:05:04

Health: -6/46      AC: 12    Str: 22    XL:     5   Next: 74%
Magic:  3/3        EV: 10    Int:  5    God:
Gold:   141        SH:  4    Dex: 10    Spells: 4/4 levels left

rFire   . . .      SeeInvis .   a - +1 flail
rCold   . . .      Faith    .   c - +0 buckler
rNeg    . . .      Spirit   .   b - +0 scale mail
rPois   .          Reflect  .   (helmet restricted)
rElec   .          Harm     .   h - +1 cloak
rCorr   .          Rampage  .   r - +0 pair of gloves
Will    .....      Clarity  +   s - +1 pair of boots
Stlth   ..........              (no amulet)
HPRegen 0.15/turn               (no ring)
MPRegen 0.08/turn               (no ring)

@: no status effects
A: horns 2, retaliatory headbutt, clarity, low MP 1
a: no special abilities


You were on level 4 of the Dungeon.
You visited 1 branch of the dungeon, and saw 4 of its levels.

You collected 141 gold pieces.

Inventory:

Hand Weapons
 a - a +1 flail (weapon)
Armour
 b - a +0 scale mail (worn)
 c - a +0 buckler (worn)
 h - a +1 cloak (worn)
 r - a +0 pair of gloves (worn)
 s - a +1 pair of boots (worn)
Scrolls
 e - a scroll of enchant weapon
 f - a scroll of amnesia
 i - a scroll of teleportation
 j - a scroll of summoning
 k - a scroll of noise {unknown}
 l - a scroll of fear {unknown}
 m - a scroll of immolation {unknown}
 o - a scroll of blinking
 p - a scroll of magic mapping {unknown}
 u - a scroll of poison {unknown}
Potions
 d - 2 potions of might
 g - a potion of curing
 n - a potion of attraction


   Skills:
 + Level 4.2 Fighting
 * Level 5.3 Maces & Flails
 + Level 4.8 Armour
 + Level 1.5 Dodging
 + Level 0.8 Stealth
 + Level 4.0 Shields


You had 4 spell levels left.
You didn't know any spells.
Your spell library contained the following spells:

 Spells                   Type           Power      Damage    Failure   Level
 Apportation              Tloc           0%         N/A       86%         1
 Blink                    Tloc           0%         N/A       95%         2
 Alistair's Intoxication  Tmut/Pois      0%         N/A       100%        5
 Manifold Assault         Tloc           0%         N/A       100%        5
 Storm Form               Tmut/Air       0%         N/A       100%        7


Dungeon Overview and Level Annotations

Branches:
Dungeon (4/15)
 Temple: D:4-7

Altars:
Ru


Innate Abilities, Weirdness & Mutations

You have a pair of horns on your head.
You reflexively headbutt those who attack you in melee.
You possess an exceptional clarity of mind.
Your magical capacity is low. (-10% MP)


Message History

A magic dart appears from out of thin air!
The magic dart hits you but does no damage.
Something hits you but does no damage. The adder barely misses you.
You furiously retaliate!
You headbutt the adder! The orc priest barely misses you.
You hear some strange, mumbled words.
A magic dart appears from out of thin air!
The magic dart hits you but does no damage.
Something hits you but does no damage.
The orc priest begins to cast a cantrip, but forgets the words!
The adder bites you but does no damage. Something hits you but does no damage.
The adder barely misses you. You furiously retaliate!
You headbutt the adder.
The orc hits you from afar with a +0 trident.
The orc priest invokes the aid of Beogh against you.
Something writhes in agony.
The orc hits you but does no damage. The adder bites you but does no damage.
Something hits you but does no damage. You block the adder's attack.
You block something's attack.
The orc priest invokes the aid of Beogh against you.
Something writhes in agony!
Reactivating autopickup.
The adder attacks as you move away! The adder bites you but does no damage.
The orc priest looks encouraged for a moment.
The adder bites you but does no damage. You block the adder's attack.
The orc priest invokes the aid of Beogh against you.
Beogh smites you!
The orc priest calls down the wrath of Beogh upon you.
Beogh smites you!
* * * LOW HITPOINT WARNING * * *
The adder barely misses you. The adder attacks as you move away!
The adder bites you but does no damage. The adder attacks as you move away!
The adder bites you but does no damage. The adder bites you but does no damage.
You block the adder's attack. The orc hits you but does no damage.
The orc priest looks encouraged for a moment.
The orc priest calls down the wrath of Beogh upon you.
Beogh smites you!
You die...

############
#..o.......#
#.@S.......#
#..........#
#..o.......#
#..........#
#...o......#
####o.######
#...# #...#
#.###


You could see 2 orc priests, an adder and 2 orcs.

Vanquished Creatures
  The ghost of AlexRAT the Trooper, an amateur MiBe of Trog (D:3)
  6 adders
  2 worms (D:3)
  2 dart slugs
  8 orcs (D:3)
  7 endoplasms
  2 giant cockroaches
  9 hobgoblins
  2 quokkas
  4 ball pythons
  2 bats (D:2)
  2 frilled lizards
  8 goblins
  10 kobolds
  7 rats
72 creatures vanquished.

Vanquished Creatures (others)
  An orc wizard (D:4)
1 creature vanquished.

Grand Total: 73 creatures vanquished

Notes
Turn   | Place    | Note
-------+----------+-------------------------------------------
     0 | D:1      | Demigod47 the Minotaur Fighter began the quest for the Orb.
     0 | D:1      | Reached XP level 1. HP: 19/19 MP: 0/0
   321 | D:1      | Reached XP level 2. HP: 23/27 MP: 1/1
   581 | D:1      | Reached XP level 3. HP: 29/33 MP: 2/2
   832 | D:2      | Found a sacrificial altar of Ru.
   872 | D:2      | Reached skill level 3 in Maces & Flails
   978 | D:2      | Reached skill level 1 in Dodging
   988 | D:2      | Identified the +4 short sword "Plog" {antimagic, rElec
                  | Stlth+}
  1221 | D:2      | Reached XP level 4. HP: 40/40 MP: 3/3
  1610 | D:3      | Reached skill level 4 in Maces & Flails
  1676 | D:3      | Found a runed translucent door.
  1679 | D:3      | Noticed AlexRAT's ghost (amateur MiBe)
  1704 | D:3      | Killed AlexRAT's ghost
  1705 | D:3      | Reached skill level 5 in Maces & Flails
  1705 | D:3      | Reached XP level 5. HP: 5/46 MP: 4/4
  2369 | D:3      | Gained mutation: Your magical capacity is low. (-10% MP)
                  | [potion of mutation]
  2369 | D:3      | Gained mutation: You possess an exceptional clarity of
                  | mind. [potion of mutation]
  2466 | D:4      | Killed from afar by an orc priest

Illustrated notes

Levels and vault maps discovered:
D:1:      onia_arrival_pentagram, layout_loops_ring
D:2:      layout_loops_corners, basic_altar
D:3:      layout_rooms, hellmonk_ghost_happy_afterlife
D:4:      layout_rooms

Skill      XL: |  1  2  3  4 |
---------------+-------------+-----
Armour         | 4 |  4.8
Fighting       | 4 |  4.2
Maces & Flails | 3 5 |  5.3
Dodging        | 1 |  1.5
Shields        | 4 |  4.0
Stealth        | |  0.8

Action                   |  1- 3 |  4- 6 || total
-------------------------+-------+-------++-------
Melee: Flail             |    72 |    72 ||   144
       Headbutt          |    14 |    11 ||    25
  Use: Potion            |       |     5 ||     5
       Scroll            |       |     5 ||     5
Armor: Scale mail        |    40 |    45 ||    85
Dodge: Dodged            |    34 |    36 ||    70
Block: Buckler           |    26 |    19 ||    45
